 Dungeon Crawl Stone Soup version 0.30-a0-359-gd0147acb1a (webtiles) character file.

Game seed: 8239010062485070427

3 sleeves the Charlatan (level 1, -1/15 HPs)
             Began as a Demonspawn Artificer on Nov 11, 2022.
             Slain by an endoplasm (2 damage)
             ... on level 1 of the Dungeon.
             The game lasted 00:00:15 (152 turns).

sleeves the Charlatan (Demonspawn Artificer)         Turns: 152, Time: 00:00:16

Health: -1/15      AC:  3    Str: 12    XL:     1   Next: 41%
Magic:  1/1        EV: 11    Int: 12    God:
Gold:   7          SH:  0    Dex: 13    Spells: 0/0 levels left

rFire   . . .      SeeInvis .    a - +0 club
rCold   . . .      Faith    .    (no shield)
rNeg    . . .      Spirit   .    b - +0 leather armour
rPois   .          Reflect  .    (no helmet)
rElec   .          Harm     .    (no cloak)
rCorr   .          Rampage  .    (no gloves)
Will    .....                    (no boots)
Stlth   +.........               (no amulet)
HPRegen 0.22/turn                (no ring)
MPRegen 0.07/turn                (no ring)

@: no status effects
A: no striking features
a: no special abilities


You were on level 1 of the Dungeon.
You visited 1 branch of the dungeon, and saw 1 of its levels.

You collected 7 gold pieces.

Inventory:

Hand Weapons
 a - a +0 club (weapon)
Armour
 b - a +0 leather armour (worn)
Wands
 c - a wand of flame (15) (quivered)
 d - a wand of charming (15)
 e - a wand of iceblast (5)
Scrolls
 f - a scroll of identify {unknown}


   Skills:
 - Level 1.0 Fighting
 + Level 0.8 Maces & Flails
 - Level 1.7 Armour
 - Level 0.8 Dodging
 - Level 0.8 Stealth
 - Level 3.0 Evocations


You couldn't memorise any spells.
You didn't know any spells.
Your spell library was empty.

Dungeon Overview and Level Annotations

Branches:
Dungeon (1/15)

Altars:


Message History

Welcome, sleeves the Demonspawn Artificer.
A smirking vizier told you that the Orb of Zot is just within this dungeon.
Press ? for a list of commands and other information.
Found a staircase leading out of the dungeon.
You open the door.
Found an escape hatch in the floor.
There is an open door here.
You now have 7 gold pieces.
You see here 5 stones.
You open the door.
There is an open door here.
Found a robe.
You see here a +0 robe.
You open the door.
There is an open door here.
There is an open door here.
A kobold comes into view. It is wielding a +0 dagger.
The kobold shouts!
The kobold moves out of view.
A kobold is nearby!
A kobold is nearby!
A kobold is nearby!
A kobold is nearby!
You miss the kobold. The kobold hits you but does no damage.
You barely miss the kobold. The kobold hits you with a +0 dagger.
You hit the kobold.
You kill the kobold!
No target in view!
You see here a +0 dagger.
Found a stone staircase leading down.
f - a scroll labelled PEJUDE MUDGH
Found a stone staircase leading down.
A goblin comes into view. It is wielding a +0 dagger.
The goblin shouts!
You hear an angry hiss.
A goblin is nearby!
A goblin is nearby!
The goblin hits you but does no damage.
You hit the goblin.
You kill the goblin!
A ball python comes into view.
You see here a +0 dagger.
You hit the ball python.
The ball python is moderately wounded.
The ball python completely misses you. The ball python grabs you.
The ball python constricts you. The ball python bites you.
The ball python constricts you.
You hit the ball python but do no damage.
The ball python is moderately wounded.
The ball python bites you but does no damage.
The ball python constricts you. The ball python barely misses you.
The ball python constricts you.
You hit the ball python.
The ball python is severely wounded.
The ball python bites you. The ball python constricts you.
You hit the ball python.
You kill the ball python!
No target in view!
No target in view!
No target in view!
No target in view!
No target in view!
No target in view!
An endoplasm comes into view.
An endoplasm is nearby!
An endoplasm is nearby!
A rat comes into view.
The endoplasm quivers.
The rat twitches its whiskers.
You hit the endoplasm but do no damage.
The endoplasm hits you but does no damage.
You barely miss the endoplasm.
The endoplasm hits you but does no damage.
You barely miss the endoplasm. The endoplasm freezes you.
You are frozen.
The endoplasm hits you.
You are too injured to fight recklessly!
You are too injured to fight recklessly!
You are too injured to fight recklessly!
You are too injured to fight recklessly!
You are too injured to fight recklessly!
You are too injured to fight recklessly!
You are too injured to fight recklessly!
You are too injured to fight recklessly!
You are too injured to fight recklessly!
You are too injured to fight recklessly!
You are too injured to fight recklessly!
You are too injured to fight recklessly!
You are too injured to fight recklessly!
You are too injured to fight recklessly!
You are too injured to fight recklessly!
You hit the endoplasm but do no damage. The endoplasm freezes you.
You are frozen.
You barely miss the endoplasm. The rat bites you.
* * * LOW HITPOINT WARNING * * *
The endoplasm freezes you.
You are frozen.
* * * LOW HITPOINT WARNING * * *
You hit the endoplasm.
The endoplasm is lightly wounded.
The rat bites you.
* * * LOW HITPOINT WARNING * * *
The endoplasm hits you but does no damage.
You hit the endoplasm.
The endoplasm is moderately wounded.
The rat misses you. The endoplasm hits you.
You die...

########### .
#.........# ..
#.........#
...####....?....#
................#
................#
#.....J@........#
#......r........#
#.#.............########
+...$...).............
.........##############
........#.# ##
......#.#.# ##.
#...#.#.#.. #...###..
.#.#.#.#.. #...##..#


You could see an endoplasm and a rat.

Vanquished Creatures
  A ball python (D:1)
  A goblin (D:1)
  A kobold (D:1)
3 creatures vanquished.

Notes
Turn   | Place    | Note
-------+----------+-------------------------------------------
     0 | D:1      | sleeves the Demonspawn Artificer began the quest for the
                  | Orb.
     0 | D:1      | Reached XP level 1. HP: 15/15 MP: 1/1
   150 | D:1      | HP: 6/15 [rat (3)]
   150 | D:1      | HP: 2/15 [frozen (4)]
   152 | D:1      | Slain by an endoplasm

Illustrated notes

Levels and vault maps discovered:
D:1:      minmay_arrival_split_and_join, layout_basic,
          minmay_misc_feat_more_columns

Action                   || total
-------------------------++-------
Melee: Club              ||    15
Armor: Leather armour    ||     6
Dodge: Dodged            ||     3

Table legend: (Time is in decaauts)
 A = Elapsed time spent in this place.
 B = Non-inter-level travel time spent in this place.
 C = Inter-level travel time spent in this place.
 D = Time resting spent in this place.
 E = Time spent auto-exploring this place.
 F = Levels seen in this place.
 G = Mean time per level.
                   A        B        C        D        E       F      G
               +--------+--------+--------+--------+--------+-----+--------+
         Total |    155 |    155 |      0 |      0 |    123 |   1 |  155.0 |
       Dungeon |    155 |    155 |      0 |      0 |    123 |   1 |  155.0 |
               +--------+--------+--------+--------+--------+-----+--------+

Top non-repeatable levels by time:
     D:1: 155 daAuts
